Wild vs Blues

Created - 25 novembre 2017 at 15:55

Goals
1 2 3 T
Wild 1 1 1 3
Blues 1 0 1 2
Shots
1 2 3 T
Wild 11 13 13 37
Blues 13 3 9 25

1st period

1. Blues , Mike Weber 6 (Ryan Getzlaf 12, Martin Erat 8) at 12:56 (PP)
2. Wild , Ian White 1 (Marvin Degon 8, Dylan Hunter 11) at 14:46 (PP)

Penalties :
Anton Volchenkov (MIN) for Holding (Minor) at 2:17, Dylan Hunter (MIN) for Roughing (Minor) at 5:13, Dylan Hunter (MIN) for Roughing (Minor) at 11:47, Nate Guenin (STL) for Delaying the game (Minor) at 13:24, Nate Guenin (STL) for Interference (Minor) at 19:07

2nd period

3. Wild , Mark Stone 13 (Mikko Koivu 12, Dylan Hunter 12) at 2:44

Penalties :
Ryan Getzlaf (STL) for Interference (Minor) at 9:39, Dylan Hunter (MIN) for High sticking (Minor) at 13:45, Anton Volchenkov (MIN) for Interference (Minor) at 17:04, Mike Weber (STL) for Slashing (Minor) at 19:08

3rd period

4. Wild , Mark Stone 14 (Mikko Koivu 13) at 1:22
5. Blues , Chad LaRose 1 (Nathan Beaulieu 2, Jacob Josefson 1) at 12:44

Penalties :
Ian White (MIN) for Roughing (Minor) at 10:06

Goalie Stats

Yann Danis (MIN), 23 saves from 25 shots - (0,920), W, 1-0-0, 60:00 minutes
Simeon Varlamov (STL), 34 saves from 37 shots - (0,919), L, 12-8-0, 59:55 minutes

Players Stats for Wild

Player Name              G  A  P  +/- PIM S  H  SB GA TA FO     MP     PP MP  PK MP  
------------------------------------------------------------------------------------
Andy Greene              0  0  0  -1  0   5  0  2  0  0  0/0    26:24   4:13   5:18 
Anton Volchenkov         0  0  0   0  4   0  2  3  0  0  0/0    13:02   0:00   2:57 
Colin Wilson             0  0  0  -1  0   0  0  0  0  0  1/1     5:45   0:00   0:00 
Drew Miller              0  0  0   0  0   2  0  0  0  0  7/12   11:46   4:13   0:16 
Dylan Hunter             0  2  2   2  6   7  5  0  0  0  0/0    16:45   3:06   0:00 
Ian White                1  0  1  -1  2   4  7  0  0  0  0/0    20:33   3:06   0:35 
Jason Pominville         0  0  0   0  0   3  0  1  0  0  0/0    14:16   0:00   0:00 
Johan Franzen            0  0  0   0  0   3  3  0  0  0  5/10   17:45   4:13   5:40 
Leon Draisaitl           0  0  0   0  0   4  0  0  0  0  0/1    14:16   0:00   0:00 
Mark Stone               2  0  2   2  0   4  0  0  0  0  1/3    22:35   3:06   5:08 
Marvin Degon             0  1  1   2  0   1  3  1  0  0  0/0    22:42   3:06   4:59 
Matt Duchene             0  0  0   0  0   2  0  0  0  0  18/27  24:27   4:13   5:56 
Mikko Koivu              0  2  2   2  0   1  0  0  0  0  17/31  22:33   3:06   5:08 
Nicolas Blanchard        0  0  0  -1  0   0  0  0  0  0  0/0     5:45   0:00   0:00 
Paul Ranger              0  0  0   2  0   0  0  0  0  0  0/0    17:28   0:00   2:51 
Peter Olvecky            0  0  0   0  0   0  1  0  0  0  0/1     7:15   0:00   0:00 
Ryan Hamilton            0  0  0  -1  0   0  0  0  0  0  1/3     5:45   0:00   0:00 
Tim Conboy               0  0  0   0  0   1  3  2  0  0  0/0    19:48   4:13   5:28 

Players Stats for Blues

Player Name              G  A  P  +/- PIM S  H  SB GA TA FO     MP     PP MP  PK MP  
------------------------------------------------------------------------------------
Anders Lee               0  0  0   1  0   1  0  0  0  0  0/0     4:50   0:02   0:00 
Chad LaRose              1  0  1   1  0   1  0  0  0  0  0/1     5:00   0:02   0:10 
David Savard             0  0  0   0  0   1  3  2  0  0  0/0    25:12   6:43   4:38 
Frans Nielsen            0  0  0  -1  0   2  0  0  0  0  9/18   12:18   0:00   1:57 
J.T. Brown               0  0  0  -1  0   2  2  0  0  0  0/0    14:53   4:32   0:00 
Jacob Josefson           0  1  1   1  0   1  0  0  0  0  2/3     4:30   0:00   0:00 
Keith Yandle             0  0  0   0  0   1  1  0  0  0  0/0    18:59   6:12   1:24 
Martin Erat              0  1  1   0  0   2  0  0  0  0  0/1    19:54   6:30   0:53 
Michal Birner            0  0  0  -1  0   0  0  0  0  0  1/2    10:41   0:00   0:00 
Mike Weber               1  0  1  -1  2   3  3  1  0  0  0/0    21:52   4:19   2:58 
Nate Guenin              0  0  0   0  4   1  2  1  0  0  0/0    15:01   0:00   1:49 
Nathan Beaulieu          0  1  1  -1  0   0  0  0  0  0  0/0    16:47   0:35   1:40 
Oliver Setzinger         0  0  0  -1  0   3  4  0  0  0  1/2    18:27   4:32   0:00 
Oscar Klefbom            0  0  0   0  0   0  0  2  0  0  0/0    22:06   4:19   2:09 
Patric Hornqvist         0  0  0   0  0   2  0  0  0  0  0/3    25:19   6:30   6:16 
Ryan Getzlaf             0  1  1   0  2   2  2  0  0  0  16/34  23:30   6:30   4:28 
Sidney Crosby            0  0  0  -1  0   2  2  0  0  0  9/23   19:21   4:32   0:54 
Tobias Rieder            0  0  0  -1  0   1  0  0  0  0  1/2    13:57   0:02   0:00 

3 Stars

1 - Mark Stone (MIN)
2 - Mikko Koivu (MIN)
3 - Marvin Degon (MIN)

Power Play

Wild - 1 on 4 Attempt(s) - 25,00%
Blues - 1 on 6 Attempt(s) - 16,67%

Penalty Kill

Wild - 5 on 6 Attempt(s) - 83,33% - Score 0 goal in Penalty Kill
Blues - 3 on 4 Attempt(s) - 75,00% - Score 0 goal in Penalty Kill

Team Stat

Wild - Hits : 24 - Faceoff Wins : 50 - Blocked Shots : 9 - Penalty Minutes : 12
Blues - Hits : 19 - Faceoff Wins : 39 - Blocked Shots : 6 - Penalty Minutes : 8

Official

Referees : Brad Meier and Gord Dwyer
Linesman : Alex Stagnone and Caleb Andrade

Game Notes

No Game Note

Finance

Level 1 -- Attendance: 6000 (100,00%) -- Ticket Income 660 000 $
Level 2 -- Attendance: 4872 (97,44%) -- Ticket Income 365 400 $
Level 3 -- Attendance: 2000 (100,00%) -- Ticket Income 80 000 $
Level 4 -- Attendance: 4000 (100,00%) -- Ticket Income 80 000 $
Luxury Box -- Attendance: 1356 (60,00%) -- Ticket Income 474 600 $
Game was played at the Scottrade Center.
Total Attendance: 18228 (94,64%)
Total Ticket Income: 1 660 000 $
Other Income: 813 400 $
Total Income: 2 473 400 $

Wild

5 vs 5 Forward 
   Center                   Left Wing                Right Wing               Time % Phy DF OF 
 1 Matt Duchene             Leon Draisaitl           Jason Pominville         36     0   2  3  
 2 Mikko Koivu              Dylan Hunter             Mark Stone               34     0   2  3  
 3 Drew Miller              Johan Franzen            Peter Olvecky            20     0   2  3  
 4 Ryan Hamilton            Nicolas Blanchard        Colin Wilson             10     0   3  2  

5 vs 5 Defense 
   Defense                  Defense                                           Time % Phy DF OF 
 1 Andy Greene              Ian White                                         36     1   2  2  
 2 Paul Ranger              Marvin Degon                                      32     1   2  2  
 3 Anton Volchenkov         Tim Conboy                                        22     1   2  2  
 4 Andy Greene              Ian White                                         10     1   2  2  

PowerPlay Forward 
   Center                   Left Wing                Right Wing               Time % Phy DF OF 
 1 Johan Franzen            Drew Miller              Matt Duchene             53     0   0  5  
 2 Mikko Koivu              Dylan Hunter             Mark Stone               47     0   0  5  

PowerPlay Defense
   Defense                  Defense                                           Time % Phy DF OF 
 1 Tim Conboy               Andy Greene                                       54     0   2  3  
 2 Ian White                Marvin Degon                                      46     0   2  3  

Penalty Kill 4 Players Forward 
   Center                   Wing                     Time % Phy DF OF 
 1 Matt Duchene             Johan Franzen            52     0   4  1  
 2 Mikko Koivu              Mark Stone               48     0   4  1  

Penalty Kill 4 Players Defense
   Defense                  Defense                  Time % Phy DF OF 
 1 Andy Greene              Anton Volchenkov         53     0   4  1  
 2 Tim Conboy               Marvin Degon             47     0   4  1  

Penalty Kill - 3 Players Forward 
   Forward                                           Time % Phy DF OF 
 1 Johan Franzen                                     51     0   4  1  
 2 Mark Stone                                        49     0   4  1  

Penalty Kill - 3 Players Defense
   Defense                  Defense                  Time % Phy DF OF 
 1 Ian White                Anton Volchenkov         52     0   5  0  
 2 Paul Ranger              Marvin Degon             48     0   5  0  

4 vs 4 Forward 
   Center                   Wing                     Time % Phy DF OF 
 1 Mark Stone               Johan Franzen            51     0   2  3  
 2 Mikko Koivu              Matt Duchene             49     0   2  3  

4 vs 4 Defense
   Defense                  Defense                  Time % Phy DF OF 
 1 Anton Volchenkov         Ian White                52     0   2  3  
 2 Paul Ranger              Marvin Degon             48     0   2  3  

Last Minutes Offensive
   Center                   Left Wing                Right Wing               Defense                  Defense                  
   Matt Duchene             Leon Draisaitl           Jason Pominville         Marvin Degon             Tim Conboy               

Last Minutes Defensive
   Center                   Left Wing                Right Wing               Defense                  Defense                  
   Matt Duchene             Johan Franzen            Mark Stone               Andy Greene              Ian White                

Goaltenders
Starting : Yann Danis               
Backup : John Gibson              

Extra Forwards
Normal : Mark Stone, Johan Franzen, Drew Miller - PP : Mark Stone, Johan Franzen - PK : Drew Miller
Extra Defensemen
Normal : Anton Volchenkov, Marvin Degon, Paul Ranger - PP : Anton Volchenkov - PK : Anton Volchenkov, Paul Ranger
Penalty Shots
Drew Miller, Johan Franzen, Mikko Koivu, Mark Stone, Jason Pominville
Custom OT Lines Forwards
Jason Pominville, Matt Duchene, Mikko Koivu, Mark Stone, Leon Draisaitl, Dylan Hunter, Johan Franzen, Drew Miller, Colin Wilson, Peter Olvecky
Custom OT Lines Defensemen
Tim Conboy, Ian White, Paul Ranger, Marvin Degon, Anton Volchenkov

Scratches
Radek Faksa (Healthy), Mike Komisarek (Healthy), Josh Harding (Healthy)

Blues

5 vs 5 Forward 
   Center                   Left Wing                Right Wing               Time % Phy DF OF 
 1 Ryan Getzlaf             Martin Erat              Patric Hornqvist         35     1   1  3  
 2 Sidney Crosby            Oliver Setzinger         Tobias Rieder            34     0   2  3  
 3 Frans Nielsen            Michal Birner            J.T. Brown               25     0   2  3  
 4 Jacob Josefson           Anders Lee               Chad LaRose              6      1   3  1  

5 vs 5 Defense 
   Defense                  Defense                                           Time % Phy DF OF 
 1 Oscar Klefbom            David Savard                                      35     0   3  2  
 2 Nathan Beaulieu          Mike Weber                                        33     0   3  2  
 3 Keith Yandle             Nate Guenin                                       26     0   3  2  
 4 Oscar Klefbom            Nate Guenin                                       6      0   3  2  

PowerPlay Forward 
   Center                   Left Wing                Right Wing               Time % Phy DF OF 
 1 Sidney Crosby            Oliver Setzinger         J.T. Brown               50     0   1  4  
 2 Ryan Getzlaf             Martin Erat              Patric Hornqvist         50     0   1  4  

PowerPlay Defense
   Defense                  Defense                                           Time % Phy DF OF 
 1 David Savard             Keith Yandle                                      60     0   2  3  
 2 Oscar Klefbom            Mike Weber                                        40     0   2  3  

Penalty Kill 4 Players Forward 
   Center                   Wing                     Time % Phy DF OF 
 1 Ryan Getzlaf             Patric Hornqvist         60     0   4  1  
 2 Frans Nielsen            Martin Erat              40     0   4  1  

Penalty Kill 4 Players Defense
   Defense                  Defense                  Time % Phy DF OF 
 1 Nate Guenin              David Savard             60     0   3  2  
 2 Mike Weber               Oscar Klefbom            40     0   3  2  

Penalty Kill - 3 Players Forward 
   Forward                                           Time % Phy DF OF 
 1 Ryan Getzlaf                                      60     0   3  2  
 2 Frans Nielsen                                     40     0   3  2  

Penalty Kill - 3 Players Defense
   Defense                  Defense                  Time % Phy DF OF 
 1 Mike Weber               Nathan Beaulieu          60     0   3  2  
 2 Nate Guenin              Oscar Klefbom            40     0   3  2  

4 vs 4 Forward 
   Center                   Wing                     Time % Phy DF OF 
 1 Ryan Getzlaf             Patric Hornqvist         60     0   2  3  
 2 Frans Nielsen            Anders Lee               40     0   2  3  

4 vs 4 Defense
   Defense                  Defense                  Time % Phy DF OF 
 1 Oscar Klefbom            Keith Yandle             60     1   2  2  
 2 David Savard             Mike Weber               40     1   2  2  

Last Minutes Offensive
   Center                   Left Wing                Right Wing               Defense                  Defense                  
   Ryan Getzlaf             Michal Birner            Patric Hornqvist         Mike Weber               David Savard             

Last Minutes Defensive
   Center                   Left Wing                Right Wing               Defense                  Defense                  
   Frans Nielsen            Martin Erat              Patric Hornqvist         David Savard             Nate Guenin              

Goaltenders
Starting : Simeon Varlamov          
Backup : Jason Bacashihua         

Extra Forwards
Normal : Anders Lee, Oliver Setzinger, Tobias Rieder - PP : Anders Lee, Tobias Rieder - PK : Ryan Getzlaf
Extra Defensemen
Normal : Nate Guenin, Mike Weber, Nathan Beaulieu - PP : Oscar Klefbom - PK : Mike Weber, Nathan Beaulieu
Penalty Shots
Ryan Getzlaf, Frans Nielsen, Patric Hornqvist, Martin Erat, Michal Birner
Custom OT Lines Forwards
Ryan Getzlaf, Patric Hornqvist, Tobias Rieder, Sidney Crosby, Martin Erat, Frans Nielsen, Jacob Josefson, Chad LaRose, Oliver Setzinger, Anders Lee
Custom OT Lines Defensemen
David Savard, Mike Weber, Nathan Beaulieu, Oscar Klefbom, Nate Guenin

Scratches
Trevor Daley (Sprained Right Finger Injury), Matt D'Agostini (Bruised Left Leg Injury)

% Time on Ice - Wild

Lines # - Real PCT - Wanted PCT - Time Play
Normal Forward
1 - 35% - 36% - 14:16
2 - 33% - 34% - 13:42
3 - 18% - 20% - 7:15
4 - 14% - 10% - 5:45
Normal Defense
1 - 37% - 36% - 15:08
2 - 34% - 32% - 14:00
3 - 25% - 22% - 10:07
4 - 4% - 10% - 1:43
PP Forward
1 - 58% - 53% - 4:13
2 - 42% - 47% - 3:06
PP Defense
1 - 58% - 54% - 4:13
2 - 42% - 46% - 3:06
PK Forward
1 - 54% - 52% - 5:56
2 - 46% - 48% - 5:08
PK Defense
1 - 51% - 53% - 5:36
2 - 49% - 47% - 5:28
PK3 Forward
1 - 0% - 51%
2 - 0% - 49%
PK3 Defense
1 - 0% - 52%
2 - 0% - 48%
44 Forward
1 - 0% - 51%
2 - 0% - 49%
44 Defense
1 - 0% - 52%
2 - 0% - 48%
Last Minute Offensive  - 0:00
Last Minute Defensive  - 0:39
Total
Forward - 60:00
Defense - 60:00

% Time on Ice - Blues

Lines # - Real PCT - Wanted PCT - Time Play
Normal Forward
1 - 30% - 35% - 12:31
2 - 34% - 34% - 13:55
3 - 25% - 25% - 10:21
4 - 11% - 6% - 4:30
Normal Defense
1 - 33% - 35% - 13:49
2 - 35% - 33% - 14:16
3 - 28% - 26% - 11:23
4 - 4% - 6% - 1:49
PP Forward
1 - 41% - 50% - 4:32
2 - 59% - 50% - 6:32
PP Defense
1 - 61% - 60% - 6:45
2 - 39% - 40% - 4:19
PK Forward
1 - 88% - 60% - 6:26
2 - 12% - 40% - 0:53
PK Defense
1 - 71% - 60% - 5:10
2 - 29% - 40% - 2:09
PK3 Forward
1 - 0% - 60%
2 - 0% - 40%
PK3 Defense
1 - 0% - 60%
2 - 0% - 40%
44 Forward
1 - 0% - 60%
2 - 0% - 40%
44 Defense
1 - 0% - 60%
2 - 0% - 40%
Last Minute Offensive  - 0:20
Last Minute Defensive  - 0:00
Total
Forward - 60:00
Defense - 60:00

Play by Play

1st period


0:01 of 1st period - Ryan Getzlaf wins face-off versus Matt Duchene in neutral zone.
1:17 of 1st period - Shot by Tobias Rieder.
1:17 of 1st period - Stopped by Yann Danis without a rebound.
1:18 of 1st period - Drew Miller wins face-off versus Frans Nielsen in Wild zone.
1:29 of 1st period - Frans Nielsen is hit by Tim Conboy and loses puck.
1:44 of 1st period - Shot by Frans Nielsen.
1:44 of 1st period - Shot Misses the Net.
1:46 of 1st period - Shot by Nate Guenin.
1:46 of 1st period - Shot Blocked by Anton Volchenkov.
1:48 of 1st period - Shot by J.T. Brown.
1:48 of 1st period - Shot Blocked by Anton Volchenkov.
1:50 of 1st period - Shot by J.T. Brown.
1:50 of 1st period - Stopped by Yann Danis with a rebound.
2:17 of 1st period - Minor Penalty to Anton Volchenkov for Holding.
2:18 of 1st period - Ryan Getzlaf wins face-off versus Mikko Koivu in Wild zone.
2:27 of 1st period - Shot by Patric Hornqvist.
2:27 of 1st period - Shot Misses the Net.
2:29 of 1st period - Shot by Patric Hornqvist.
2:29 of 1st period - Shot Misses the Net.
2:37 of 1st period - Shot by Mike Weber.
2:37 of 1st period - Stopped by Yann Danis without a rebound.
2:38 of 1st period - Matt Duchene wins face-off versus Sidney Crosby in Wild zone.
3:00 of 1st period - Icing by Sidney Crosby.
3:01 of 1st period - Sidney Crosby wins face-off versus Mark Stone in Blues zone.
3:22 of 1st period - Shot by Sidney Crosby.
3:22 of 1st period - Shot Blocked by Tim Conboy.
4:14 of 1st period - Shot by Ryan Getzlaf.
4:14 of 1st period - Stopped by Yann Danis with a rebound.
4:16 of 1st period - Shot by Ryan Getzlaf.
4:16 of 1st period - Stopped by Yann Danis with a rebound.
4:25 of 1st period - Colin Wilson is hit by Nate Guenin and loses puck.
4:29 of 1st period - Nicolas Blanchard is hit by Keith Yandle and loses puck.
4:34 of 1st period - Shot by Andy Greene.
4:34 of 1st period - Stopped by Simeon Varlamov without a rebound.
4:35 of 1st period - Sidney Crosby wins face-off versus Mikko Koivu in Blues zone.
4:35 of 1st period - Sidney Crosby is hit by Dylan Hunter.
4:42 of 1st period - Tobias Rieder is hit by Marvin Degon and loses puck.
4:46 of 1st period - Icing by Marvin Degon.
4:47 of 1st period - Jacob Josefson wins face-off versus Mikko Koivu in Wild zone.
4:52 of 1st period - Shot by Anders Lee.
4:52 of 1st period - Shot Blocked by Marvin Degon.
4:54 of 1st period - Shot by Chad LaRose.
4:54 of 1st period - Deflect By Anders Lee.
4:54 of 1st period - Stopped by Yann Danis without a rebound.
4:55 of 1st period - Matt Duchene wins face-off versus Ryan Getzlaf in Wild zone.
5:11 of 1st period - Icing by Patric Hornqvist.
5:12 of 1st period - Ryan Getzlaf wins face-off versus Mikko Koivu in Blues zone.
5:12 of 1st period - Keith Yandle is hit by Dylan Hunter and loses puck.
5:13 of 1st period - Minor Penalty to Dylan Hunter for Roughing.
5:14 of 1st period - Sidney Crosby wins face-off versus Matt Duchene in Wild zone.
5:14 of 1st period - Sidney Crosby is hit by Tim Conboy.
5:27 of 1st period - Oliver Setzinger is hit by Anton Volchenkov and loses puck.
5:40 of 1st period - Shot by David Savard.
5:40 of 1st period - Shot Misses the Net.
5:42 of 1st period - Shot by David Savard.
5:42 of 1st period - Stopped by Yann Danis with a rebound.
6:20 of 1st period - Shot by Mike Weber.
6:20 of 1st period - Shot Misses the Net.
6:22 of 1st period - Shot by Patric Hornqvist.
6:22 of 1st period - Stopped by Yann Danis without a rebound.
6:23 of 1st period - Matt Duchene wins face-off versus Ryan Getzlaf in Wild zone.
6:38 of 1st period - Shot by Martin Erat.
6:38 of 1st period - Stopped by Yann Danis without a rebound.
6:39 of 1st period - Ryan Getzlaf wins face-off versus Mikko Koivu in Wild zone.
7:12 of 1st period - Off-side.
7:13 of 1st period - Mikko Koivu wins face-off versus Sidney Crosby in neutral zone.
7:21 of 1st period - Mark Stone is hit by Oliver Setzinger and loses puck.
7:28 of 1st period - Shot by Dylan Hunter.
7:28 of 1st period - Stopped by Simeon Varlamov without a rebound.
7:29 of 1st period - Matt Duchene wins face-off versus Michal Birner in Blues zone.
7:30 of 1st period - Shot by Jason Pominville.
7:30 of 1st period - Shot Misses the Net.
7:32 of 1st period - Shot by Matt Duchene.
7:32 of 1st period - Shot Misses the Net.
7:34 of 1st period - Shot by Matt Duchene.
7:34 of 1st period - Deflect By Leon Draisaitl.
7:34 of 1st period - Shot Misses the Net.
7:40 of 1st period - Shot by Matt Duchene.
7:40 of 1st period - Shot Blocked by Nate Guenin.
7:42 of 1st period - Shot by Leon Draisaitl.
7:42 of 1st period - Stopped by Simeon Varlamov without a rebound.
7:43 of 1st period - Mikko Koivu wins face-off versus Sidney Crosby in Blues zone.
7:44 of 1st period - Shot by Andy Greene.
7:44 of 1st period - Stopped by Simeon Varlamov without a rebound.
7:45 of 1st period - Ryan Getzlaf wins face-off versus Mikko Koivu in Blues zone.
8:01 of 1st period - Dylan Hunter is hit by David Savard.
8:17 of 1st period - Shot by Mark Stone.
8:17 of 1st period - Shot Misses the Net.
8:44 of 1st period - Marvin Degon is hit by David Savard and loses puck.
9:03 of 1st period - Shot by Sidney Crosby.
9:03 of 1st period - Stopped by Yann Danis without a rebound.
9:04 of 1st period - Matt Duchene wins face-off versus Sidney Crosby in Wild zone.
9:20 of 1st period - Icing by Mike Weber.
9:21 of 1st period - Drew Miller wins face-off versus Sidney Crosby in Blues zone.
9:51 of 1st period - Tobias Rieder is hit by Anton Volchenkov and loses puck.
10:27 of 1st period - Shot by Leon Draisaitl.
10:27 of 1st period - Stopped by Simeon Varlamov without a rebound.
10:28 of 1st period - Jacob Josefson wins face-off versus Matt Duchene in Blues zone.
10:33 of 1st period - Shot by David Savard.
10:33 of 1st period - Shot Misses the Net.
10:47 of 1st period - Shot by Jason Pominville.
10:47 of 1st period - Stopped by Simeon Varlamov with a rebound.
10:49 of 1st period - Shot by Andy Greene.
10:49 of 1st period - Shot Hit the Post.
10:51 of 1st period - Shot by Jason Pominville.
10:51 of 1st period - Shot Misses the Net.
11:47 of 1st period - Minor Penalty to Dylan Hunter for Roughing.
11:48 of 1st period - Matt Duchene wins face-off versus Sidney Crosby in Wild zone.
11:56 of 1st period - Shot by Sidney Crosby.
11:56 of 1st period - Stopped by Yann Danis without a rebound.
11:57 of 1st period - Mikko Koivu wins face-off versus Sidney Crosby in Wild zone.
11:57 of 1st period - Mark Stone is hit by Oliver Setzinger and loses puck.
12:24 of 1st period - Shot by Sidney Crosby.
12:24 of 1st period - Deflect By Oliver Setzinger.
12:24 of 1st period - Stopped by Yann Danis without a rebound.
12:25 of 1st period - Matt Duchene wins face-off versus Ryan Getzlaf in Wild zone.
12:34 of 1st period - Shot by Mike Weber.
12:34 of 1st period - Shot Misses the Net.
12:56 of 1st period - Shot by Mike Weber.
12:56 of 1st period - Goal by Mike Weber - Wild : 0 - Blues : 1.
12:57 of 1st period - Sidney Crosby wins face-off versus Mikko Koivu in neutral zone.
13:14 of 1st period - Dylan Hunter is hit by Sidney Crosby and loses puck.
13:24 of 1st period - Minor Penalty to Nate Guenin for Delaying the game.
13:25 of 1st period - Ryan Getzlaf wins face-off versus Johan Franzen in Blues zone.
14:34 of 1st period - Shot by Mikko Koivu.
14:34 of 1st period - Shot Misses the Net.
14:36 of 1st period - Shot by Mikko Koivu.
14:36 of 1st period - Shot Misses the Net.
14:42 of 1st period - Shot by Marvin Degon.
14:42 of 1st period - Shot Misses the Net.
14:44 of 1st period - Shot by Marvin Degon.
14:44 of 1st period - Shot Misses the Net.
14:46 of 1st period - Shot by Ian White.
14:46 of 1st period - Goal by Ian White - Wild : 1 - Blues : 1.
14:47 of 1st period - Oliver Setzinger wins face-off versus Ryan Hamilton in neutral zone.
14:56 of 1st period - Shot by Oliver Setzinger.
14:56 of 1st period - Shot Hit the Post.
14:58 of 1st period - Shot by Tobias Rieder.
14:58 of 1st period - Shot Misses the Net.
15:15 of 1st period - Shot by Oliver Setzinger.
15:15 of 1st period - Shot Misses the Net.
15:20 of 1st period - Tobias Rieder is hit by Tim Conboy and loses puck.
16:46 of 1st period - Ryan Getzlaf is hit by Ian White and loses puck.
16:49 of 1st period - Shot by David Savard.
16:49 of 1st period - Shot Misses the Net.
16:51 of 1st period - Shot by David Savard.
16:51 of 1st period - Shot Blocked by Andy Greene.
17:40 of 1st period - Shot by Mikko Koivu.
17:40 of 1st period - Deflect By Dylan Hunter.
17:40 of 1st period - Stopped by Simeon Varlamov without a rebound.
17:41 of 1st period - Drew Miller wins face-off versus Sidney Crosby in Blues zone.
17:41 of 1st period - Drew Miller is hit by Mike Weber.
18:16 of 1st period - Shot by Johan Franzen.
18:16 of 1st period - Stopped by Simeon Varlamov with a rebound.
18:57 of 1st period - Keith Yandle is hit by Dylan Hunter.
19:07 of 1st period - Minor Penalty to Nate Guenin for Interference.
19:08 of 1st period - Ryan Getzlaf wins face-off versus Mikko Koivu in Blues zone.
19:23 of 1st period - Shot by Ian White.
19:23 of 1st period - Stopped by Simeon Varlamov with a rebound.
19:25 of 1st period - Shot by Ian White.
19:25 of 1st period - Stopped by Simeon Varlamov without a rebound.
19:26 of 1st period - Johan Franzen wins face-off versus Ryan Getzlaf in Blues zone.
19:27 of 1st period - Shot by Andy Greene.
19:27 of 1st period - Shot Misses the Net.
Goals for this period are 1 for Wild vs 1 for Blues.
Shots for this period are 11 for Wild vs 13 for Blues.

2nd period


0:01 of 2nd period - Ryan Getzlaf wins face-off versus Johan Franzen in neutral zone.
0:16 of 2nd period - Shot by Matt Duchene.
0:16 of 2nd period - Shot Misses the Net.
0:22 of 2nd period - Shot by Johan Franzen.
0:22 of 2nd period - Shot Misses the Net.
0:24 of 2nd period - Shot by Andy Greene.
0:24 of 2nd period - Stopped by Simeon Varlamov without a rebound.
0:25 of 2nd period - Mikko Koivu wins face-off versus Patric Hornqvist in Blues zone.
0:34 of 2nd period - Shot by Ian White.
0:34 of 2nd period - Shot Blocked by Mike Weber.
0:36 of 2nd period - Shot by Mark Stone.
0:36 of 2nd period - Stopped by Simeon Varlamov without a rebound.
0:37 of 2nd period - Ryan Getzlaf wins face-off versus Johan Franzen in Blues zone.
0:37 of 2nd period - Ryan Getzlaf is hit by Johan Franzen.
0:47 of 2nd period - Nathan Beaulieu is hit by Johan Franzen and loses puck.
1:12 of 2nd period - Shot by Mark Stone.
1:12 of 2nd period - Shot Misses the Net.
1:22 of 2nd period - Icing by Mark Stone.
1:23 of 2nd period - Mikko Koivu wins face-off versus Sidney Crosby in Wild zone.
1:23 of 2nd period - Dylan Hunter is hit by Sidney Crosby and loses puck.
1:33 of 2nd period - Icing by Paul Ranger.
1:34 of 2nd period - Mikko Koivu wins face-off versus Frans Nielsen in Wild zone.
1:43 of 2nd period - Off-side.
1:44 of 2nd period - Matt Duchene wins face-off versus Ryan Getzlaf in neutral zone.
2:08 of 2nd period - Shot by Ryan Getzlaf.
2:08 of 2nd period - Shot Misses the Net.
2:14 of 2nd period - David Savard is hit by Ian White and loses puck.
2:19 of 2nd period - Shot by Matt Duchene.
2:19 of 2nd period - Shot Misses the Net.
2:21 of 2nd period - Shot by Matt Duchene.
2:21 of 2nd period - Deflect By Jason Pominville.
2:21 of 2nd period - Shot Misses the Net.
2:25 of 2nd period - Shot by Jason Pominville.
2:25 of 2nd period - Stopped by Simeon Varlamov without a rebound.
2:26 of 2nd period - Michal Birner wins face-off versus Mikko Koivu in Blues zone.
2:26 of 2nd period - Michal Birner is hit by Dylan Hunter.
2:44 of 2nd period - Shot by Mark Stone.
2:44 of 2nd period - Goal by Mark Stone - Wild : 2 - Blues : 1.
2:45 of 2nd period - Sidney Crosby wins face-off versus Drew Miller in neutral zone.
2:54 of 2nd period - Shot by Oliver Setzinger.
2:54 of 2nd period - Stopped by Yann Danis without a rebound.
2:55 of 2nd period - Frans Nielsen wins face-off versus Leon Draisaitl in Wild zone.
2:56 of 2nd period - Shot by Michal Birner.
2:56 of 2nd period - Shot Blocked by Andy Greene.
3:06 of 2nd period - Shot by Jason Pominville.
3:06 of 2nd period - Shot Misses the Net.
3:28 of 2nd period - Nathan Beaulieu is hit by Ian White and loses puck.
4:20 of 2nd period - Off-side.
4:21 of 2nd period - Drew Miller wins face-off versus Ryan Getzlaf in neutral zone.
4:57 of 2nd period - Shot by Peter Olvecky.
4:57 of 2nd period - Shot Misses the Net.
4:59 of 2nd period - Shot by Tim Conboy.
4:59 of 2nd period - Stopped by Simeon Varlamov without a rebound.
5:00 of 2nd period - Matt Duchene wins face-off versus Sidney Crosby in Blues zone.
5:08 of 2nd period - Off-side.
5:09 of 2nd period - Sidney Crosby wins face-off versus Matt Duchene in neutral zone.
5:16 of 2nd period - Ian White is hit by Oliver Setzinger and loses puck.
5:38 of 2nd period - Tobias Rieder is hit by Ian White and loses puck.
6:18 of 2nd period - Shot by Dylan Hunter.
6:18 of 2nd period - Stopped by Simeon Varlamov without a rebound.
6:19 of 2nd period - Ryan Getzlaf wins face-off versus Peter Olvecky in Blues zone.
6:23 of 2nd period - Off-side.
6:24 of 2nd period - Mikko Koivu wins face-off versus Martin Erat in neutral zone.
6:32 of 2nd period - Shot by Dylan Hunter.
6:32 of 2nd period - Shot Misses the Net.
7:34 of 2nd period - Shot by Michal Birner.
7:34 of 2nd period - Shot Misses the Net.
8:13 of 2nd period - Icing by Tim Conboy.
8:14 of 2nd period - Tobias Rieder wins face-off versus Drew Miller in Wild zone.
8:53 of 2nd period - Tim Conboy is hit by Nate Guenin and loses puck.
9:07 of 2nd period - Sidney Crosby is hit by Marvin Degon and loses puck.
9:39 of 2nd period - Minor Penalty to Ryan Getzlaf for Interference.
9:40 of 2nd period - Frans Nielsen wins face-off versus Johan Franzen in Blues zone.
9:55 of 2nd period - Shot by Tim Conboy.
9:55 of 2nd period - Shot Misses the Net.
9:59 of 2nd period - Shot by Andy Greene.
9:59 of 2nd period - Shot Misses the Net.
10:01 of 2nd period - Shot by Andy Greene.
10:01 of 2nd period - Stopped by Simeon Varlamov without a rebound.
10:02 of 2nd period - Frans Nielsen wins face-off versus Mark Stone in Blues zone.
10:21 of 2nd period - Shot by Ian White.
10:21 of 2nd period - Shot Blocked by David Savard.
10:23 of 2nd period - Shot by Ian White.
10:23 of 2nd period - Stopped by Simeon Varlamov with a rebound.
10:25 of 2nd period - Shot by Dylan Hunter.
10:25 of 2nd period - Stopped by Simeon Varlamov with a rebound.
10:33 of 2nd period - Shot by Marvin Degon.
10:33 of 2nd period - Stopped by Simeon Varlamov without a rebound.
10:34 of 2nd period - Johan Franzen wins face-off versus Frans Nielsen in Blues zone.
10:49 of 2nd period - Sidney Crosby is hit by Johan Franzen and loses puck.
12:07 of 2nd period - Shot by Jacob Josefson.
12:07 of 2nd period - Stopped by Yann Danis without a rebound.
12:08 of 2nd period - Matt Duchene wins face-off versus Frans Nielsen in Wild zone.
12:08 of 2nd period - Matt Duchene is hit by J.T. Brown.
13:45 of 2nd period - Minor Penalty to Dylan Hunter for High sticking.
13:46 of 2nd period - Ryan Getzlaf wins face-off versus Mikko Koivu in Wild zone.
15:30 of 2nd period - Shot by Ryan Getzlaf.
15:30 of 2nd period - Shot Misses the Net.
15:32 of 2nd period - Shot by David Savard.
15:32 of 2nd period - Shot Misses the Net.
16:48 of 2nd period - Shot by Leon Draisaitl.
16:48 of 2nd period - Stopped by Simeon Varlamov without a rebound.
16:49 of 2nd period - Frans Nielsen wins face-off versus Drew Miller in Blues zone.
16:51 of 2nd period - Icing by Keith Yandle.
16:52 of 2nd period - Drew Miller wins face-off versus Frans Nielsen in Blues zone.
16:57 of 2nd period - Shot by Drew Miller.
16:57 of 2nd period - Deflect By Peter Olvecky.
16:57 of 2nd period - Shot Misses the Net.
17:04 of 2nd period - Minor Penalty to Anton Volchenkov for Interference.
17:05 of 2nd period - Matt Duchene wins face-off versus Patric Hornqvist in Wild zone.
18:46 of 2nd period - Shot by Patric Hornqvist.
18:46 of 2nd period - Stopped by Yann Danis without a rebound.
18:47 of 2nd period - Mikko Koivu wins face-off versus Ryan Getzlaf in Wild zone.
18:47 of 2nd period - Mikko Koivu is hit by Ryan Getzlaf.
19:08 of 2nd period - Minor Penalty to Mike Weber for Slashing.
19:09 of 2nd period - Mikko Koivu wins face-off versus Ryan Getzlaf in Blues zone.
19:42 of 2nd period - Shot by Dylan Hunter.
19:42 of 2nd period - Stopped by Simeon Varlamov without a rebound.
19:43 of 2nd period - Johan Franzen wins face-off versus Ryan Getzlaf in Blues zone.
19:54 of 2nd period - Shot by Drew Miller.
19:54 of 2nd period - Stopped by Simeon Varlamov without a rebound.
19:55 of 2nd period - Frans Nielsen wins face-off versus Johan Franzen in Blues zone.
Goals for this period are 1 for Wild vs 0 for Blues.
Shots for this period are 13 for Wild vs 3 for Blues.

3rd period


0:01 of 3rd period - Johan Franzen wins face-off versus Patric Hornqvist in neutral zone.
0:18 of 3rd period - Shot by Drew Miller.
0:18 of 3rd period - Stopped by Simeon Varlamov without a rebound.
0:19 of 3rd period - Mikko Koivu wins face-off versus Ryan Getzlaf in Blues zone.
0:28 of 3rd period - Shot by Mikko Koivu.
0:28 of 3rd period - Stopped by Simeon Varlamov without a rebound.
0:29 of 3rd period - Johan Franzen wins face-off versus Ryan Getzlaf in Blues zone.
0:34 of 3rd period - Shot by Tim Conboy.
0:34 of 3rd period - Shot Blocked by David Savard.
0:40 of 3rd period - Shot by Johan Franzen.
0:40 of 3rd period - Stopped by Simeon Varlamov without a rebound.
0:41 of 3rd period - Ryan Getzlaf wins face-off versus Mikko Koivu in Blues zone.
0:50 of 3rd period - Shot by Marvin Degon.
0:50 of 3rd period - Deflect By Dylan Hunter.
0:50 of 3rd period - Stopped by Simeon Varlamov without a rebound.
0:51 of 3rd period - Matt Duchene wins face-off versus Ryan Getzlaf in Blues zone.
1:22 of 3rd period - Shot by Mark Stone.
1:22 of 3rd period - Goal by Mark Stone - Wild : 3 - Blues : 1.
1:23 of 3rd period - Matt Duchene wins face-off versus Frans Nielsen in neutral zone.
1:25 of 3rd period - Off-side.
1:26 of 3rd period - Matt Duchene wins face-off versus Ryan Getzlaf in neutral zone.
1:37 of 3rd period - Shot by Matt Duchene.
1:37 of 3rd period - Shot Blocked by Oscar Klefbom.
1:39 of 3rd period - Shot by Matt Duchene.
1:39 of 3rd period - Stopped by Simeon Varlamov with a rebound.
1:41 of 3rd period - Shot by Andy Greene.
1:41 of 3rd period - Stopped by Simeon Varlamov without a rebound.
1:42 of 3rd period - Mikko Koivu wins face-off versus Tobias Rieder in Blues zone.
1:57 of 3rd period - Icing by Marvin Degon.
1:58 of 3rd period - Mikko Koivu wins face-off versus Ryan Getzlaf in Wild zone.
2:05 of 3rd period - Shot by Mark Stone.
2:05 of 3rd period - Shot Misses the Net.
2:11 of 3rd period - Shot by Mark Stone.
2:11 of 3rd period - Deflect By Dylan Hunter.
2:11 of 3rd period - Stopped by Simeon Varlamov without a rebound.
2:12 of 3rd period - Matt Duchene wins face-off versus Sidney Crosby in Blues zone.
2:33 of 3rd period - Icing by Sidney Crosby.
2:34 of 3rd period - Mikko Koivu wins face-off versus Sidney Crosby in Blues zone.
2:34 of 3rd period - Dylan Hunter is hit by Mike Weber and loses puck.
3:02 of 3rd period - Shot by Mikko Koivu.
3:02 of 3rd period - Deflect By Mark Stone.
3:02 of 3rd period - Stopped by Simeon Varlamov without a rebound.
3:03 of 3rd period - Ryan Getzlaf wins face-off versus Matt Duchene in Blues zone.
3:27 of 3rd period - Off-side.
3:28 of 3rd period - Mikko Koivu wins face-off versus Frans Nielsen in neutral zone.
3:34 of 3rd period - Icing by J.T. Brown.
3:35 of 3rd period - Mark Stone wins face-off versus Frans Nielsen in Blues zone.
4:04 of 3rd period - Shot by Frans Nielsen.
4:04 of 3rd period - Stopped by Yann Danis without a rebound.
4:05 of 3rd period - Matt Duchene wins face-off versus Ryan Getzlaf in Wild zone.
4:05 of 3rd period - Matt Duchene is hit by Ryan Getzlaf.
5:33 of 3rd period - Shot by Sidney Crosby.
5:33 of 3rd period - Shot Misses the Net.
6:18 of 3rd period - Off-side.
6:19 of 3rd period - Ryan Hamilton wins face-off versus Chad LaRose in neutral zone.
6:36 of 3rd period - Icing by Colin Wilson.
6:37 of 3rd period - Frans Nielsen wins face-off versus Ryan Hamilton in Wild zone.
7:55 of 3rd period - Leon Draisaitl is hit by Mike Weber and loses puck.
8:22 of 3rd period - Icing by Mike Weber.
8:23 of 3rd period - Drew Miller wins face-off versus Ryan Getzlaf in Blues zone.
8:24 of 3rd period - Shot by Johan Franzen.
8:24 of 3rd period - Shot Misses the Net.
8:26 of 3rd period - Shot by Johan Franzen.
8:26 of 3rd period - Shot Misses the Net.
8:28 of 3rd period - Shot by Johan Franzen.
8:28 of 3rd period - Stopped by Simeon Varlamov without a rebound.
8:29 of 3rd period - Sidney Crosby wins face-off versus Mikko Koivu in Blues zone.
8:46 of 3rd period - Sidney Crosby is hit by Dylan Hunter and loses puck.
8:53 of 3rd period - Mikko Koivu is hit by Oliver Setzinger and loses puck.
9:41 of 3rd period - Icing by David Savard.
9:42 of 3rd period - Frans Nielsen wins face-off versus Matt Duchene in Blues zone.
9:42 of 3rd period - Frans Nielsen is hit by Ian White.
9:48 of 3rd period - David Savard is hit by Ian White and loses puck.
10:01 of 3rd period - Shot by David Savard.
10:01 of 3rd period - Shot Misses the Net.
10:06 of 3rd period - Minor Penalty to Ian White for Roughing.
10:07 of 3rd period - Ryan Getzlaf wins face-off versus Matt Duchene in Wild zone.
11:02 of 3rd period - Shot by Oliver Setzinger.
11:02 of 3rd period - Shot Hit the Post.
11:04 of 3rd period - Shot by Sidney Crosby.
11:04 of 3rd period - Shot Misses the Net.
11:06 of 3rd period - Shot by Oliver Setzinger.
11:06 of 3rd period - Stopped by Yann Danis without a rebound.
11:07 of 3rd period - Mikko Koivu wins face-off versus Sidney Crosby in Wild zone.
11:24 of 3rd period - Shot by J.T. Brown.
11:24 of 3rd period - Stopped by Yann Danis without a rebound.
11:25 of 3rd period - Mikko Koivu wins face-off versus Ryan Getzlaf in Wild zone.
11:53 of 3rd period - Shot by Martin Erat.
11:53 of 3rd period - Shot Misses the Net.
11:55 of 3rd period - Shot by Martin Erat.
11:55 of 3rd period - Stopped by Yann Danis with a rebound.
11:57 of 3rd period - Shot by Keith Yandle.
11:57 of 3rd period - Stopped by Yann Danis with a rebound.
12:08 of 3rd period - Icing by Sidney Crosby.
12:09 of 3rd period - Colin Wilson wins face-off versus Jacob Josefson in Blues zone.
12:44 of 3rd period - Shot by Chad LaRose.
12:44 of 3rd period - Goal by Chad LaRose - Wild : 3 - Blues : 2.
12:45 of 3rd period - Sidney Crosby wins face-off versus Mikko Koivu in neutral zone.
12:57 of 3rd period - Tobias Rieder is hit by Marvin Degon and loses puck.
14:10 of 3rd period - Icing by Andy Greene.
14:11 of 3rd period - Matt Duchene wins face-off versus Frans Nielsen in Wild zone.
14:23 of 3rd period - Icing by Nathan Beaulieu.
14:24 of 3rd period - Frans Nielsen wins face-off versus Drew Miller in Blues zone.
14:24 of 3rd period - Frans Nielsen is hit by Peter Olvecky.
14:48 of 3rd period - Shot by Frans Nielsen.
14:48 of 3rd period - Stopped by Yann Danis without a rebound.
14:49 of 3rd period - Ryan Getzlaf wins face-off versus Matt Duchene in Wild zone.
15:24 of 3rd period - Oscar Klefbom is hit by Ian White and loses puck.
15:45 of 3rd period - Off-side.
15:46 of 3rd period - Sidney Crosby wins face-off versus Mikko Koivu in neutral zone.
15:48 of 3rd period - Off-side.
15:49 of 3rd period - Mikko Koivu wins face-off versus Oliver Setzinger in neutral zone.
16:42 of 3rd period - Paul Ranger is hit by J.T. Brown and loses puck.
16:49 of 3rd period - Shot by Nate Guenin.
16:49 of 3rd period - Stopped by Yann Danis without a rebound.
16:50 of 3rd period - Matt Duchene wins face-off versus Ryan Getzlaf in Wild zone.
17:01 of 3rd period - Shot by Martin Erat.
17:01 of 3rd period - Shot Blocked by Jason Pominville.
17:26 of 3rd period - Shot by Jason Pominville.
17:26 of 3rd period - Stopped by Simeon Varlamov without a rebound.
17:27 of 3rd period - Frans Nielsen wins face-off versus Drew Miller in Blues zone.
17:42 of 3rd period - Shot by Michal Birner.
17:42 of 3rd period - Deflect By J.T. Brown.
17:42 of 3rd period - Shot Blocked by Tim Conboy.
17:44 of 3rd period - Shot by Frans Nielsen.
17:44 of 3rd period - Shot Misses the Net.
17:46 of 3rd period - Shot by Frans Nielsen.
17:46 of 3rd period - Shot Blocked by Anton Volchenkov.
17:51 of 3rd period - Icing by Anton Volchenkov.
17:52 of 3rd period - Drew Miller wins face-off versus Sidney Crosby in Wild zone.
18:51 of 3rd period - Matt Duchene is hit by David Savard and loses puck.
18:54 of 3rd period - Shot by Leon Draisaitl.
18:54 of 3rd period - Stopped by Simeon Varlamov with a rebound.
18:56 of 3rd period - Shot by Matt Duchene.
18:56 of 3rd period - Stopped by Simeon Varlamov with a rebound.
18:58 of 3rd period - Shot by Jason Pominville.
18:58 of 3rd period - Deflect By Matt Duchene.
18:58 of 3rd period - Shot Misses the Net.
19:26 of 3rd period - Shot by Mark Stone.
19:26 of 3rd period - Shot Blocked by Oscar Klefbom.
19:47 of 3rd period - Shot by Mikko Koivu.
19:47 of 3rd period - Shot Misses the Net.
19:55 of 3rd period - Blues, Simeon Varlamov is pulled from the net.
19:57 of 3rd period - Shot by Mike Weber.
19:57 of 3rd period - Stopped by Yann Danis without a rebound.
19:58 of 3rd period - Ryan Getzlaf wins face-off versus Matt Duchene in Wild zone.
Goals for this period are 1 for Wild vs 1 for Blues.
Shots for this period are 13 for Wild vs 9 for Blues.